 Dungeon Crawl Stone Soup version 0.29-a0-878-g7b45a56547 (webtiles) character file.

Game seed: 13143784316816903545

3 LynnLen the Sneak (level 1, -5/10 HPs)
             Began as a Vampire Enchanter on July 19, 2022.
             Slain by a kobold
             ... wielding a +3 vampiric short sword
              (6 damage)
             ... on level 1 of the Dungeon.
             The game lasted 00:00:40 (235 turns).

LynnLen the Sneak (Vampire Enchanter)                Turns: 235, Time: 00:00:41

Health: -5/10      AC:  2    Str:  7    XL:     1   Next: 41%
Magic:  3/3        EV: 12    Int: 17    God:
Gold:   23         SH:  0    Dex: 14    Spells: 4/4 levels left

rFire   . . .      SeeInvis +   a - +1 dagger
rCold   + + .      Faith    .   (no shield)
rNeg    + + +      Spirit   .   b - +0 robe
rPois   ∞          Reflect  .   (no helmet)
rElec   .          Harm     .   (no cloak)
rCorr   .          Rampage  .   (no gloves)
Will    .....                   (no boots)
Stlth   +++++.....              (no amulet)
HPRegen 0.00/turn               (no ring)
MPRegen 0.08/turn               (no ring)

@: bloodless, inhibited regen
A: bloodless, fangs 3, see invisible, vampiric 1
a: Revivify


You were on level 1 of the Dungeon.
You visited 1 branch of the dungeon, and saw 1 of its levels.

You collected 23 gold pieces.

Inventory:

Hand Weapons
 a - a +1 dagger (weapon)
Armour
 b - a +0 robe (worn)
Potions
 c - 2 potions of invisibility


   Skills:
 * Level 0.2 Fighting
 * Level 1.2 Short Blades
 + Level 2.2 Dodging
 + Level 4.5 Stealth
 - Level 2.0 Spellcasting
 - Level 4.4 Hexes


You had 4 spell levels left.
You didn't know any spells.
Your spell library contained the following spells:

 Spells                   Type           Power      Damage    Failure   Level
 Confusing Touch          Hex            16%        N/A       10%         3
 Tukima's Dance           Hex            16%        N/A       10%         3
 Ensorcelled Hibernation  Hex/Ice        18%        N/A       12%         2
 Dazzling Flash           Conj/Hex       18%        N/A       24%         3


Dungeon Overview and Level Annotations

Branches:
Dungeon (1/15)

Altars:


Innate Abilities, Weirdness & Mutations

You do not regenerate when monsters are visible.
You are frail without blood (-20% HP).
You can heal yourself when you bite living creatures.
You are immune to poison.
You have razor-sharp teeth.
You have supernaturally acute eyesight. (SInv)
You are afflicted with vampirism.


Message History

You hit the kobold but do no damage. The kobold hits you with a +0 dagger.
You hit the kobold.
The kobold is severely wounded.
The kobold hits you but does no damage.
You hit the kobold.
You kill the kobold!
An endoplasm comes into view.
Things that are here:
a +0 dagger; a kobold corpse; a hobgoblin corpse You now have 23 gold pieces (gained 17).
You start resting.
HP restored.
Things that are here:
a +0 dagger; a kobold corpse; a hobgoblin corpse A ball python comes into view.
The ball python hisses angrily.
A kobold comes into view.
It is wielding a +3 vampiric short sword.
Found a robe.
The ball python misses you. The ball python barely misses you.
The ball python closely misses you. The ball python barely misses you.
You hit the ball python.
The ball python is moderately wounded.
The ball python bites you but does no damage.
The ball python barely misses you.
You closely miss the ball python. You bite the ball python.
You kill the ball python!
Found a stone staircase leading down.
The kobold throws a stone.
The stone hits you but does no damage.
You see here a ball python corpse.
A giant cockroach comes into view.
Found 6 gold pieces.
The kobold hits you with a +3 vampiric short sword.
The kobold hits you with a +3 vampiric short sword.
You miss the kobold.
The kobold hits you with a +3 vampiric short sword.
Ouch! That really hurt!
* * * LOW HITPOINT WARNING * * *
You barely miss the kobold.
The kobold hits you with a +3 vampiric short sword.
Ouch! That really hurt!
You die...

####.#.)####
###...)......
#..........##
#...######...
#.##.#####...########.###
#### # #.# #..........#
#.# #####..####### ..#
#......# #### .##
#..####†## ..... .. .
#..#.....^ .. ##@K......
###..>... ...... ....B
.[... .... ..$.


You could see a giant cockroach (asleep) and a kobold.

Vanquished Creatures
  A hobgoblin (D:1)
  A ball python (D:1)
  A frilled lizard (D:1)
  A kobold (D:1)
4 creatures vanquished.

Notes
Turn   | Place    | Note
-------+----------+-------------------------------------------
     0 | D:1      | LynnLen the Vampire Enchanter began the quest for the Orb.
     0 | D:1      | Reached XP level 1. HP: 13/13 MP: 3/3
   235 | D:1      | Slain by a kobold

Illustrated notes

Levels and vault maps discovered:
D:1:      minmay_arrival_shattered_statue, layout_rooms

Action                   || total
-------------------------++-------
Melee: Dagger            ||    11
       Bite              ||     2
 Abil: Exsanguinate      ||     1
Armor: Robe              ||     3
Dodge: Dodged            ||     8

Table legend: (Time is in decaauts)
 A = Elapsed time spent in this place.
 B = Non-inter-level travel time spent in this place.
 C = Inter-level travel time spent in this place.
 D = Time resting spent in this place.
 E = Time spent auto-exploring this place.
 F = Levels seen in this place.
 G = Mean time per level.
                   A        B        C        D        E       F      G
               +--------+--------+--------+--------+--------+-----+--------+
         Total |    234 |    234 |      0 |     81 |     90 |   1 |  234.0 |
       Dungeon |    234 |    234 |      0 |     81 |     90 |   1 |  234.0 |
               +--------+--------+--------+--------+--------+-----+--------+

Top non-repeatable levels by time:
     D:1: 234 daAuts
